 Dungeon Crawl Stone Soup version 0.31.0-11-ge490571c62 (webtiles) character file.

Game seed: 2766723679708508752

247 qw the Skirmisher (level 5, -1/30 HPs)
             Began as a Deep Elf Hunter on Feb 4, 2024.
             Slain by an iguana (11 damage)
             ... on level 4 of the Dungeon.
             The game lasted 00:00:08 (2681 turns).

qw the Skirmisher (Deep Elf Hunter)                 Turns: 2681, Time: 00:00:09

Health: -1/30      AC:  6    Str: 10    XL:     5   Next: 85%
Magic:  7/7        EV: 13    Int: 14    God:
Gold:   225        SH:  0    Dex: 18    Spells: 4/4 levels left

rFire   . . .        a - +2 shortbow
rCold   + . .        (shield currently unavailable)
rNeg    . . .        c - +0 leather armour
rPois   .            (no helmet)
rElec   .            (no cloak)
rCorr   .            i - +2 pair of gloves
SInv    .            (no boots)
Will    .....        (no amulet)
Stlth   ++           d - ring of protection from cold
HPRegen 0.25/turn    (no ring)
MPRegen 0.10/turn

%: no passive effects
@: no status effects
A: no striking features
a: no special abilities


You were on level 4 of the Dungeon.
You visited 1 branch of the dungeon, and saw 4 of its levels.

You collected 225 gold pieces.


   Skills:
 + Level 1.6 Fighting
 - Level 9.0 Ranged Weapons
 - Level 3.3 Dodging
 - Level 1.2 Stealth


You had 4 spell levels left.
You didn't know any spells.
Your spell library was empty.

Inventory:

Hand Weapons
 a - a +2 shortbow (weapon)
Armour
 c - a +0 leather armour (worn)
 i - a +2 pair of gloves (worn)
Jewellery
 d - a ring of protection from cold (left hand)
Potions
 e - a potion of curing
 f - a potion of heal wounds
 g - a potion of enlightenment {unknown}
 h - a potion of attraction {unknown}
 j - a potion of might {unknown}
 l - a potion of magic {unknown}
 m - a potion of ambrosia {unknown}

Dungeon Overview and Level Annotations

Branches:
Dungeon (4/15)
 Temple: D:4-7

Altars:
Dithmenos


Message History

The quasit closely misses you.
The quasit claws you but does no damage.
You shoot an arrow. The arrow hits the quasit.
You kill the quasit!
You feel your dexterity returning.
Your Dodging skill increases to level 3!
You shoot an arrow. The arrow barely misses the iguana.
The arrow hits the white imp!
The white imp is severely wounded.
The iguana closely misses you.
You shoot an arrow.
The arrow hits the iguana but does no damage.
The iguana bites you.
You shoot an arrow. The arrow hits the iguana.
The iguana is moderately wounded.
The iguana bites you but does no damage.
You shoot an arrow. The arrow closely misses the iguana.
The arrow hits the white imp!
You kill the white imp!
The iguana bites you!
You shoot an arrow. The arrow hits the iguana.
The iguana is moderately wounded.
The iguana closely misses you.
You shoot an arrow.
The arrow hits the iguana but does no damage.
The iguana is moderately wounded.
The iguana closely misses you.
You shoot an arrow. The arrow hits the iguana.
The iguana is severely wounded.
The iguana bites you.
You shoot an arrow. The arrow closely misses the iguana.
The arrow hits the white imp.
The white imp is moderately wounded.
The shadow imp shouts, "Take thy face hence, thou goatish clapper-clawed snake-molt!"
The iguana bites you.
You shoot an arrow. The arrow barely misses the iguana.
The arrow closely misses the white imp.
The shadow imp lashes its tail.
The iguana bites you!
You die...

#. 5...## #..
5J...# #..
.l...#. #.#
....... #.#
..... #.# ...
##.##5# #..@l5#
##..#####.# #
#......>...
#.###...#####.#
..............#
####....#######
#....# #....##
#.....###


You could see an iguana, a white imp and a shadow imp.

Vanquished Creatures
  A quasit (D:4)
  Natasha (D:4)
  An orc wizard (D:3)
  4 gnolls (D:4)
  6 adders
  A white imp (D:4)
  A dart slug (D:1)
  6 orcs
  3 endoplasms
  A giant cockroach (D:2)
  8 goblins
  3 hobgoblins (D:3)
  A quokka (D:1)
  6 ball pythons
  5 bats
  6 frilled lizards
  4 kobolds
  7 rats
65 creatures vanquished.

Notes
Turn   | Place    | Note
-------+----------+-------------------------------------------
     0 | D:1      | qw the Deep Elf Hunter began the quest for the Orb.
     0 | D:1      | Reached XP level 1. HP: 12/12 MP: 3/3
     0 | D:1      | 0 ||| qw: Version: 0.3-a-160-g6735b56
     0 | D:1      | 0 ||| qw: Game counter: 5701
     0 | D:1      | 0 ||| qw: Melee chars always use a shield: true
     0 | D:1      | 0 ||| qw: God list: Okawaru
     0 | D:1      | 0 ||| qw: Allow faded altars: false
     0 | D:1      | 0 ||| qw: Do Orc after clearing Dungeon:15 true
     0 | D:1      | 0 ||| qw: Do second Lair branch before Depths: true
     0 | D:1      | 0 ||| qw: Lair rune preference: random
     0 | D:1      | 0 ||| qw: Goals: Normal
     0 | D:1      | 0 ||| PLANNING D:1-11
   211 | D:1      | Reached XP level 2. HP: 16/16 MP: 4/4
   216 | D:1      | Reached skill level 6 in Ranged Weapons
   631 | D:1      | 631 ||| UPGRADING to ring of protection from cold.
   632 | D:1      | 632 ||| READING scroll labelled NOBOAPH RANG.
   632 | D:1      | 632 ||| ENCHANTING +0 shortbow.
   633 | D:1      | 633 ||| READING scroll labelled MITACR IRANT.
   634 | D:1      | 634 ||| READING scroll labelled JIWUR VUPAGE TIOH.
   635 | D:1      | 635 ||| READING scroll labelled EBAGAK GECING.
   640 | D:1      | 640 ||| DROPPING scroll of butterflies.
  1066 | D:2      | 1066 ||| READING scroll of enchant weapon.
  1066 | D:2      | 1066 ||| ENCHANTING +1 shortbow.
  1091 | D:2      | Reached XP level 3. HP: 20/20 MP: 5/5
  1359 | D:2      | Reached skill level 7 in Ranged Weapons
  1360 | D:2      | Found a faded altar of an unknown god.
  1571 | D:2      | 1571 ||| UPGRADING to +2 pair of gloves.
  1576 | D:2      | 1576 ||| READING scroll labelled NOHUKU BOETE.
  1615 | D:2      | 1615 ||| READING scroll labelled TEDILUCARIR.
  1616 | D:2      | 1616 ||| READING scroll labelled COIRGH PUXZEWI.
  1717 | D:2      | 1717 ||| DRINKING 2 grey potions.
  1808 | D:3      | Reached XP level 4. HP: 25/25 MP: 6/6
  1827 | D:3      | Reached skill level 8 in Ranged Weapons
  1830 | D:3      | Found a shadowy altar of Dithmenos.
  2543 | D:3      | 2543 ||| READING scroll labelled TEDWIM BOIBOAD.
  2544 | D:3      | 2544 ||| DRINKING 2 amethyst potions.
  2562 | D:4      | Reached XP level 5. HP: 29/29 MP: 7/7
  2613 | D:4      | HP: 7/29 [gnoll/+0 spear (6)]
  2614 | D:4      | 2614 ||| READING scroll of teleportation.
  2615 | D:4      | 2615 ||| DRINKING 2 potions of heal wounds.
  2622 | D:4      | Noticed Natasha
  2624 | D:4      | Killed Natasha
  2625 | D:4      | Reached skill level 9 in Ranged Weapons
  2664 | D:4      | 2664 ||| RETREEEEATING.
  2666 | D:4      | 2666 ||| RETREEEEATING.
  2668 | D:4      | 2668 ||| RETREEEEATING.
  2673 | D:4      | Reached skill level 3 in Dodging
  2681 | D:4      | Slain by an iguana

Levels and vault maps discovered:
D:1:      heliophobic_arrival_henge, layout_loops_ring
D:2:      layout_loops_corners, serial_forest, infiniplex_forest_straight_5,
          infiniplex_forest_clump_cross, infiniplex_forest_clump_medium,
          infiniplex_forest_split, hellmonk_ecumenical_altar_prayer_group,
          grunt_decor_arrowhead, minmay_pentomino_q2
D:3:      layout_loops_ring, mainiacjoe_overflow_tiny_flanked, serial_rivers,
          chequers_serial_rivers_micro_d, chequers_serial_rivers_marsh,
          chequers_serial_rivers_large_b, chequers_serial_rivers_small_b,
          chequers_serial_rivers_micro_e, chequers_serial_rivers_micro_e,
          wander_ebering_terrifying_dragon_lair
D:4:      layout_loops_ring, serial_demonic, serial_demonic_a, serial_demonic_e,
          serial_demonic_b, serial_demonic_d, minmay_diced_spiral, uniq_natasha

Skill      XL: |  1  2  3  4  5 |
---------------+----------------+-----
Ranged Weapons | 6 7 8 9 |  9.0
Dodging        | 3 |  3.3
Fighting       | |  1.6
Stealth        | |  1.2

Action                     |  1- 3 |  4- 6 || total
---------------------------+-------+-------++-------
   Fire: Shortbow          |    69 |    84 ||   153
    Use: Scroll            |     8 |     2 ||    10
         Potion            |     1 |     2 ||     3
 Armour: Leather armour    |     3 |    20 ||    23
  Dodge: Dodged            |     7 |    17 ||    24

Table legend:
 A = Non-vault XP
 B = Vault XP
 C = Vault XP percentage of total XP
 D = Non-vault monster count
 E = Vault monster count
 F = Vault count percentage of total count
                 A         B        C        D         E       F
            +---------+---------+-------+---------+---------+-------
      Total |     250 |     103 |  29.2 |      57 |       8 |  12.3
            +---------+---------+-------+---------+---------+-------
        D:1 |      19 |       0 |   0.0 |      11 |       0 |   0.0
        D:2 |      40 |       8 |  16.7 |      12 |       4 |  25.0
        D:3 |     126 |       1 |   0.8 |      26 |       1 |   3.7
        D:4 |      65 |      94 |  59.1 |       8 |       3 |  27.3
            +---------+---------+-------+---------+---------+-------
